 Dungeon Crawl Stone Soup version 0.27-a0-1105-g946c659c87 (webtiles) character file.

Game seed: 11297226149849424929

102 kae the Skirmisher (level 4, 0/35 HPs)
             Began as a Demonspawn Abyssal Knight on Apr 29, 2021.
             Was a Believer of Lugonu.
             Succumbed to a water moccasin's poison
             ... on level 3 of the Dungeon.
             The game lasted 00:01:48 (2082 turns).

kae the Skirmisher (Demonspawn Abyssal Knight)      Turns: 2082, Time: 00:01:49

Health: 0/35       AC:  7    Str: 13    XL:     4   Next: 50%
Magic:  5/6        EV: 11    Int: 13    God:    Lugonu [**....]
Gold:   125        SH:  4    Dex: 15    Spells: 3/3 levels left

rFire    . . .     SeeInvis .   a - +2 falchion
rCold    . . .     Faith    .   (no shield)
rNeg     . . .     Spirit   .   b - +0 leather armour
rPois    .         Reflect  .   (no helmet)
rElec    .         Harm     .   (no cloak)
rCorr    .         Rampage  .   (no gloves)
Will     .....                  (no boots)
Stlth    +.........             (no amulet)
HPRegen  1.11/turn              d - +4 ring of protection
MPRegen  0.10/turn              (no ring)

@: lethally poisoned (0 -> -1)
A: powered by pain 1, condensation shield, agile 1, regeneration 1
a: Renounce Religion, Depart the Abyss, Bend Space


You were on level 3 of the Dungeon.
You worshipped Lugonu.
Lugonu was pleased with you.
You visited 1 branch of the dungeon, and saw 3 of its levels.
You visited the Abyss 1 time.

You collected 125 gold pieces.

Inventory:

Hand Weapons
 a - a +2 falchion (weapon)
Armour
 b - a +0 leather armour (worn)
Jewellery
 d - a +4 ring of protection (left hand)
Scrolls
 c - a scroll of magic mapping
Potions
 e - a potion of degeneration
 f - a potion of mutation
 g - a potion of invisibility


   Skills:
 + Level 3.4 Fighting
 * Level 2.8 Long Blades
 + Level 2.4 Armour
 + Level 1.6 Dodging
 + Level 3.4 Invocations


You had 3 spell levels left.
You didn't know any spells.
Your spell library contained the following spells:

 Spells                   Type           Power      Damage    Failure   Level
 Beastly Appendage        Tmut           0%         N/A       36%         1
 Shock                    Conj/Air       0%         1d3       36%         1
 Static Discharge         Conj/Air       0%         N/A       52%         2
 Wereblood                Tmut           0%         N/A       52%         2
 Spider Form              Tmut/Pois      0%         N/A       75%         3
 Swiftness                Air            0%         N/A       75%         3
 Airstrike                Air            0%         N/A       98%         4
 Ice Form                 Ice/Tmut       0%         N/A       98%         4
 Hydra Form               Tmut           0%         N/A       100%        5
 Lightning Bolt           Conj/Air       0%         1d11      100%        5


Dungeon Overview and Level Annotations

Branches:
Dungeon (3/15)

Altars:


Innate Abilities, Weirdness & Mutations

You sometimes gain a little power by taking damage.
A meltable shield of frost defends you. (SH +4)
You are agile. (Dex +2)
Your natural rate of healing is unusually fast.


Message History

A water moccasin and a hobgoblin come into view.
The hobgoblin shouts!
Found 19 arrows.
Found a stone staircase leading down.
There is a stone staircase leading up here.
Okay, then.
Okay, then.
As you read the scroll of identify, it crumbles to dust.
f - 2 potions of mutation
There are monsters nearby!
There are monsters nearby!
There are monsters nearby!
There are monsters nearby!
The water moccasin bites you. The water moccasin bites you!
You barely miss the water moccasin. The water moccasin bites you!
You are lethally poisoned!
The water moccasin poisons you! The water moccasin bites you.
There is a lethal amount of poison in your body!
You are too injured to fight recklessly!
You are too injured to fight recklessly!
There is a lethal amount of poison in your body!
You are too injured to fight recklessly!
You are too injured to fight recklessly!
Okay, then.
Okay, then.
Okay, then.
* * * LOW HITPOINT WARNING * * *
You feel very sick. The hobgoblin hits you.
* * * LOW HITPOINT WARNING * * *
Space bends around you!
You blink.
* * * LOW HITPOINT WARNING * * *
You feel very sick.
Really quaff the potion of mutation?
You feel extremely strange.
You feel agile.
You begin to heal more quickly.
* * * LOW HITPOINT WARNING * * *
You feel sick.
* * * LOW HITPOINT WARNING * * *
You feel sick.
You die...

#.# ... #. #.#.### #.
##.#.... #.##......#
#..#.# #..#
##...####.####
####......S.>...###
#....(......#.@...#
####..<.....#...#.....
###..##..##### ...
...###...# . ..#.#
###.. ..##.# ## #.#
#.# #. #.# # .#


You could see a water moccasin.

Vanquished Creatures
  Jessica (D:2)
  Robin (D:2)
  An adder (D:2)
  2 worms (D:2)
  A ball python (D:1)
  2 endoplasms (D:1)
  3 giant cockroaches
  9 goblins
  7 hobgoblins
  8 jackals (D:1)
  A quokka (D:1)
  3 bats
  2 frilled lizards
  4 rats
45 creatures vanquished.

Notes
Turn   | Place    | Note
-------+----------+-------------------------------------------
     0 | Abyss:1  | kae the Demonspawn Abyssal Knight began the quest for the
                  | Orb.
     0 | Abyss:1  | Reached XP level 1. HP: 18/18 MP: 2/2
    12 | Abyss:1  | Found a corrupted altar of Lugonu.
    59 | Abyss:1  | Found a corrupted altar of Lugonu.
    60 | Abyss:1  | Noticed a flying skull
    61 | D:1      | Escaped the Abyss
   145 | D:1      | Reached skill level 1 in Dodging
   186 | D:1      | Reached * piety under Lugonu
   210 | D:1      | Gained mutation: You sometimes gain a little power by
                  | taking damage. [demonic ancestry]
   210 | D:1      | Reached XP level 2. HP: 19/24 MP: 3/3
   840 | D:2      | Gained mutation: A meltable shield of frost defends you.
                  | (SH +4) [demonic ancestry]
   840 | D:2      | Reached XP level 3. HP: 29/29 MP: 5/5
   843 | D:2      | Noticed Jessica
   850 | D:2      | Killed Jessica
   892 | D:2      | Noticed Robin
   936 | D:2      | Killed Robin
   937 | D:2      | Reached XP level 4. HP: 7/35 MP: 6/6
   941 | D:2      | Reached ** piety under Lugonu
  1914 | D:2      | Found a faded altar of an unknown god.
  2072 | D:3      | Noticed a water moccasin
  2080 | D:3      | Gained mutation: You are agile. (Dex +2) [potion of
                  | mutation]
  2080 | D:3      | Gained mutation: Your natural rate of healing is unusually
                  | fast. [potion of mutation]
  2081 | D:3      | HP: 1/35 [poisoned by a water moccasin]
  2082 | D:3      | Succumbed to a water moccasin's poison

Illustrated notes

Levels and vault maps discovered:
D:1:      co_arrival_square_in_a_square_in_a_square, layout_rooms, hex_medium,
          hangedman_decor_opposing, minmay_tripent
D:2:      layout_basic, hellmonk_ecumenical_altar_run_dry, uniq_robin,
          uniq_jessica
D:3:      layout_rooms, serial_shops, shop, minmay_cut_off, uniq_terence,
          uniq_natasha

Skill      XL: |  1  2  3 |
---------------+----------+-----
Dodging        | 1 |  1.6
Long Blades    | 2 |  2.8
Armour         | 2 |  2.4
Invocations    | 3 |  3.4
Fighting       | |  3.4

Action                   |  1- 3 |  4- 6 || total
-------------------------+-------+-------++-------
Melee: Falchion          |    82 |    49 ||   131
Invok: Depart the Abyss  |     1 |       ||     1
       Bend Space        |       |     1 ||     1
  Use: Scroll            |     3 |     3 ||     6
       Potion            |     2 |     1 ||     3
Armor: Leather armour    |    36 |    13 ||    49
Dodge: Dodged            |    57 |    23 ||    80
Block: Other             |     3 |     7 ||    10
       Rpst.: Falchion   |    18 |     8 ||    26

Table legend: (Time is in decaauts)
 A = Elapsed time spent in this place.
 B = Non-inter-level travel time spent in this place.
 C = Inter-level travel time spent in this place.
 D = Time resting spent in this place.
 E = Time spent auto-exploring this place.
 F = Levels seen in this place.
 G = Mean time per level.
                   A        B        C        D        E       F      G
               +--------+--------+--------+--------+--------+-----+--------+
         Total |   2109 |   2038 |     71 |      0 |   1750 |   4 |  527.2 |
       Dungeon |   2048 |   1977 |     71 |      0 |   1692 |   3 |  682.7 |
         Abyss |     61 |     61 |      0 |      0 |     58 |   1 |   61.0 |
               +--------+--------+--------+--------+--------+-----+--------+

Top non-repeatable levels by time:
     D:2: 1300 daAuts
     D:1: 738 daAuts
 Abyss:1: 61 daAuts
     D:3: 9 daAuts
